 Dungeon Crawl Stone Soup version 0.23.2-1-ga50397a6bc (webtiles) character file.

Game seed: 9320035994179949842

66 Darkell the Stinger (level 3, 14/14 HPs)
             Began as a Felid Venom Mage on Apr 26, 2019.
             Quit the game on level 3 of the Dungeon.
             The game lasted 00:03:37 (3537 turns).

Darkell the Stinger (Felid Venom Mage)              Turns: 3537, Time: 00:03:37

Health: 14/14      AC:  1    Str:  4    XL:     3   Next: 96%
Magic:  7/7        EV: 17    Int: 17    God:
Gold:   155        SH:  0    Dex: 13    Spells: 5/6 levels left
                                        Lives:  0   Deaths: 1

rFire    + . .     SeeInvis +   (weapon unavailable)
rCold    . . .     Gourm    .   (shield unavailable)
rNeg     . . .     Faith    .   (armour unavailable)
rPois    .         Spirit   .   (helmet unavailable)
rElec    .         Reflect  .   (cloak unavailable)
rCorr    .         Harm     .   (gloves unavailable)
MR       .....                  (boots unavailable)
Stlth    ++........             (no amulet)
HPRegen  0.04/turn              p - ring of protection from fire
MPRegen  0.10/turn              j - -3 ring of dexterity (curse)

@: quick
A: very small, no armour, no weapons or thrown items, stealth, claws 1, fangs 3,
see invisible, carnivore, speed 1, shaggy fur 1, slow metabolism 1, sharp paws
a: no special abilities


You were on level 3 of the Dungeon.
You were not hungry.

You visited 1 branch of the dungeon, and saw 3 of its levels.

You collected 155 gold pieces.

Inventory:

Jewellery
 f - an uncursed ring of protection from magic
 j - a cursed -3 ring of dexterity (right paw)
 p - a ring of protection from fire (left paw)
Scrolls
 c - 6 scrolls of identify {unknown}
 d - a scroll of fear {unknown}
 g - 5 scrolls of teleportation {unknown}
 i - 3 scrolls of enchant armour {unknown}
 k - a scroll of remove curse {unknown}
 l - a scroll of fog {unknown}
Potions
 a - 2 potions of curing {unknown}
 e - a potion of lignification {unknown}
 h - a potion of cancellation {unknown}
 m - a potion of agility {unknown}
 n - a potion of resistance {unknown}
 o - a potion of mutation {unknown}
 q - a potion of invisibility {unknown}
Comestibles
 b - 5 rations


   Skills:
 - Level 2.6 Dodging
 - Level 2.6 Stealth
 + Level 2.0 Spellcasting
 + Level 2.6 Conjurations
 + Level 4.3 Poison Magic


You had 5 spell levels left.
You knew the following spells:

 Your Spells              Type           Power        Failure   Level  Hunger
a - Sting                 Conj/Pois      ##..         4%          1    #......

Your spell library contained the following spells:

 Spells                   Type           Power        Failure   Level  Hunger
 Poisonous Vapours        Pois/Air       #.....       12%         2    ###....
 Mephitic Cloud           Conj/Pois/Air  #.......     22%         3    ###....
 Olgreb's Toxic Radiance  Pois           ###.....     32%         4    #####..
 Venom Bolt               Conj/Pois      ##........   77%         5    ######.


Dungeon Overview and Level Annotations

Branches:
Dungeon (3/15)

Altars:
Cheibriados
Kikubaaqudgha
Okawaru
Qazlal
Ru
Xom


Innate Abilities, Weirdness & Mutations

You cannot wear armour.
You are incapable of wielding weapons or throwing items.
Your paws allow you to move quietly. (Stealth)
You have sharp claws.
You have razor-sharp teeth.
You have supernaturally acute eyesight. (SInv)
You are carnivorous and can eat meat at any time.
You cover ground quickly.
You are covered in fur. (AC +1)
You have a slow metabolism.
Your sharp claws are effective at attacking unaware monsters.


Message History

Confirm with . or Enter, or press ? or * to list all spells.
Aiming: Sting (safe; 4% risk of failure)
Press: ? - help, Shift-Dir - straight line, f/p - worm
Aim: a worm (heavily wounded)
The sting hits the worm.
The worm is severely wounded.
Casting: Sting (safe; 4% risk of failure)
Confirm with . or Enter, or press ? or * to list all spells.
Aiming: Sting (safe; 4% risk of failure)
Press: ? - help, Shift-Dir - straight line, f/p - worm
Aim: a worm (severely wounded)
The sting hits the worm.
The worm is poisoned.
The worm is severely wounded.
The worm bites you!
Ouch! That really hurt!
You die...
You are now level 3!
You rejoin the land of the living...
Unknown command.
Are you sure you want to abandon this character and quit the game? (Confirm with "yes".)

.#####.##.#.###..................
....##.###.## #..#...#...#...#...
.......# ### #_.................
.##.#..# #..#...#...#...#)).
.......# #..................
.#.##.## ###################
.#.##.# #...####### #....#
......# #.........# #.##.#
##รท###### ######@..#####^#
#.....
##.#....###..............###.##.#
......#.)....................##..
#####.#####..............######(#
# #.# ######...#####.# #..... #
#.# #.........# #.##.# # #.#
#...####### #.#..# #.# ###...#
#....# ..# ##.#...# ##.#.##


There were no monsters in sight!

Vanquished Creatures
  An orc wizard (D:3)
  2 adders (D:3)
  A shadow imp (D:3)
  2 oozes
  A dart slug (D:1)
  2 leopard geckos
  2 orcs (D:3)
  A ball python (D:3)
  3 bats
  2 bat zombies (D:2)
  2 giant cockroaches (D:1)
  10 hobgoblins
  2 jackals (D:2)
  11 kobolds
  2 quokkas (D:2)
  5 frilled lizards
  5 goblins
  10 rats
  2 rat zombies (D:2)
66 creatures vanquished.

Vanquished Creatures (others)
  A kobold (D:1)
1 creature vanquished.

Grand Total: 67 creatures vanquished

Notes
Turn   | Place    | Note
-------+----------+-------------------------------------------
     0 | D:1      | Darkell the Felid Venom Mage began the quest for the Orb.
     0 | D:1      | Reached XP level 1. HP: 7/7 MP: 4/4
   155 | D:1      | Reached skill level 1 in Conjurations
   155 | D:1      | Reached skill level 3 in Poison Magic
   220 | D:1      | Reached XP level 2. HP: 11/11 MP: 6/6
   983 | D:1      | Reached XP level 3. HP: 11/14 MP: 0/7
  1473 | D:2      | Found a shimmering altar of Xom.
  2319 | D:2      | Found a sacrificial altar of Ru.
  2319 | D:2      | Found a faded altar of an unknown god.
  2324 | D:2      | Found a stormy altar of Qazlal.
  2326 | D:2      | Found a snail-covered altar of Cheibriados.
  2328 | D:2      | Found a faded altar of an unknown god.
  2490 | D:2      | Found an ancient bone altar of Kikubaaqudgha.
  2653 | D:3      | Reached skill level 4 in Poison Magic
  2653 | D:3      | Reached XP level 4. HP: 18/18 MP: 3/8
  2854 | D:3      | Found an iron altar of Okawaru.
  3536 | D:3      | Slain by a worm
  3537 | D:3      | Reached XP level 3. HP: 0/14 MP: 3/7
  3537 | D:3      | Quit the game

Skill      XL: |  1  2  3 |
---------------+----------+-----
Conjurations   | 1 2 |  2.6
Poison Magic   | 3 4 |  4.3
Dodging        | |  2.6
Stealth        | |  2.6
Spellcasting   | |  2.0

Action                   |  1- 3 |  4- 6 || total
-------------------------+-------+-------++-------
Melee: Unarmed           |    49 |    31 ||    80
       Bite              |     1 |     1 ||     2
 Cast: Sting             |    89 |    47 ||   136
 Stab: Sleeping          |     1 |       ||     1
  Eat: Chunk             |     3 |     5 ||     8
Armor: Skin              |     4 |       ||     4
Dodge: Dodged            |    82 |    36 ||   118
